 Dungeon Crawl Stone Soup version 0.25-a0-975-gcae8493d64 (webtiles) character file.

Game seed: 17244768615435045282, levelgen mode: deterministic

333 Flugslaktarn the Chopper (level 6, -9/57 HPs)
             Began as a Deep Dwarf Fighter on May 10, 2020.
             Mangled by Pikel
             ... wielding a +1 whip of electrocution
              (17 damage)
             ... on level 4 of the Dungeon.
             The game lasted 00:00:43 (457 turns).

Flugslaktarn the Chopper (Deep Dwarf Fighter)        Turns: 457, Time: 00:00:43

Health: -9/57      AC: 13    Str: 20    XL:     6   Next: 27%
Magic:  4/4        EV:  4    Int:  8    God:
Gold:   52         SH: 10    Dex: 14    Spells: 5/5 levels left

rFire    . . .     SeeInvis .   a - +0 war axe
rCold    . . .     Gourm    .   c - +0 kite shield
rNeg     . . .     Faith    .   k - +0 plate armour
rPois    .         Spirit   .   (no helmet)
rElec    .         Reflect  .   g - +0 cloak
rCorr    .         Harm     .   (no gloves)
MR       .....                  (no boots)
Stlth    ..........             (no amulet)
HPRegen  0.00/turn              (no ring)
MPRegen  0.09/turn              (no ring)

@: mighty, non-regenerating
A: damage resistance, heal wounds, sense surroundings 1, no regeneration
a: Heal Wounds


You were on level 4 of the Dungeon.
You were not hungry.

You visited 1 branch of the dungeon, and saw 4 of its levels.

You collected 52 gold pieces.

Inventory:

Hand Weapons
 a - a +0 war axe (weapon)
Armour
 b - a +0 scale mail
 c - a +0 kite shield (worn)
 g - a +0 cloak (worn)
   (You found it on level 1 of the Dungeon)
 k - a +0 plate armour (worn)
   (You found it on level 3 of the Dungeon)
Jewellery
 n - a cursed -2 ring of protection {unknown}
   (You found it on level 3 of the Dungeon)
Scrolls
 h - a scroll of noise {unknown}
 i - a scroll of enchant weapon {unknown}
 m - a scroll of teleportation {unknown}
 p - 2 scrolls of identify {unknown}
Potions
 f - a potion of berserk rage {unknown}
 l - a potion of mutation {unknown}
 o - a potion of ambrosia {unknown}
Comestibles
 e - a ration
 j - a chunk of flesh


   Skills:
 + Level 3.7 Fighting
 * Level 4.9 Axes
 + Level 4.5 Armour
 + Level 4.5 Shields


You had 5 spell levels left.
You didn't know any spells.
Your spell library was empty.

Dungeon Overview and Level Annotations

Branches:
Dungeon (4/15)
 Temple: D:4-7

Altars:

Annotations:
D:4 Eustachio, Pikel


Innate Abilities, Weirdness & Mutations

You are resistant to damage.
You can heal yourself by infusing magical energy.
You passively map a small area around you.
You do not regenerate.


Message History

You aren't carrying any items that you can evoke.
Unknown command.
You feel very mighty all of a sudden. Pikel barely misses you.
Unknown command.
You slash Pikel!
Pikel is moderately wounded.
Pikel barely misses you.
You miss Pikel.
Pikel is moderately wounded.
You block Pikel's attack.
Pikel hits you with a +1 whip of electrocution.
You are electrocuted!
* * * LOW HITPOINT WARNING * * *
You slash Pikel!
Pikel is heavily wounded.
Pikel hits you with a +1 whip of electrocution!
* * * LOW HITPOINT WARNING * * *
You are electrocuted!!
You die...

, #..#............ ,
#..#............ , ,
####'#............, , *
...........###+###
...........#.....# *
...........'.....# , ,
...........#.....#
#######....#.....########
, ,,#....#....@##.....# ,
#....#.....Kpr5...#, ,
#....########rb...# *
#....# #)o@..# ,*, #....#
#.....# #....# #........
.....# #..o..... .....# *
#.....##. , ,, #######* *


You could see Eustachio, Pikel (strong), a slave, an orc wizard, a white imp
(summoned), 2 quokkas and a bat (summoned).

Vanquished Creatures
  Menkaure (D:4)
  A slave (D:4)
  A hound (D:4)
  2 orc priests
  An orc wizard (D:4)
  Jessica (D:2)
  3 adders (D:3)
  A worm (D:3)
  2 dart slugs
  A leopard gecko (D:3)
  10 orcs
  A giant cockroach (D:3)
  4 goblins
  A hobgoblin (D:3)
  3 kobolds
  A ball python (D:4)
  2 bats
  A frilled lizard (D:3)
  A rat (D:1)
38 creatures vanquished.

Notes
Turn   | Place    | Note
-------+----------+-------------------------------------------
     0 | D:1      | Flugslaktarn the Deep Dwarf Fighter began the quest for the
                  | Orb.
     0 | D:1      | Reached XP level 1. HP: 20/20 MP: 1/1
    60 | D:2      | Noticed Jessica
    68 | D:2      | Killed Jessica
    68 | D:2      | Reached XP level 2. HP: 24/27 MP: 2/2
    68 | D:2      | Reached XP level 3. HP: 29/33 MP: 3/3
   160 | D:3      | Reached XP level 4. HP: 25/42 MP: 3/3
   410 | D:4      | Noticed Menkaure
   422 | D:4      | Killed Menkaure
   422 | D:4      | Reached XP level 5. HP: 33/49 MP: 4/4
   434 | D:4      | Noticed a slave
   437 | D:4      | Reached XP level 6. HP: 33/56 MP: 5/5
   437 | D:4      | Noticed a slave
   439 | D:4      | Noticed Pikel
   443 | D:4      | Noticed a slave
   444 | D:4      | Noticed a slave
   445 | D:4      | Noticed Eustachio
   447 | D:4      | Killed a slave
   449 | D:4      | HP: 2/57 [orc wizard/magic dart (4)]
   457 | D:4      | Mangled by Pikel

Illustrated notes

Levels and vault maps discovered:
D:1:      wander_arrival_desolate, layout_loops_cross, minivault_24,
          minmay_heptomino_l4
D:2:      layout_basic, serial_bayou_lagoon_a, nicolae_qazlal_style_of_elements,
          uniq_jessica
D:3:      layout_rooms, lemuel_round_altar
D:4:      layout_gridville, lemuel_doored_altar, old_standard_altar,
          minmay_temple_entry_mist, uniq_eustachio, uniq_sigmund, uniq_menkaure,
          uniq_pikel, uniq_natasha

Skill      XL: |  1  2  3  4 |
---------------+-------------+-----
Axes           | 3 4 |  4.9
Fighting       | 3 |  3.7
Shields        | 4 |  4.5
Armour         | 4 |  4.5

Action                   |  1- 3 |  4- 6 || total
-------------------------+-------+-------++-------
Melee: War axe           |    71 |    69 ||   140
 Abil: Heal Wounds       |     1 |     5 ||     6
  Use: Potion            |       |     1 ||     1
Armor: Scale mail        |    55 |     3 ||    58
       Plate armour      |       |    36 ||    36
Dodge: Dodged            |    25 |    23 ||    48
Block: Kite shield       |    38 |    43 ||    81

Table legend:
 A = Non-vault XP
 B = Vault XP
 C = Vault XP percentage of total XP
 D = Non-vault monster count
 E = Vault monster count
 F = Vault count percentage of total count
                 A         B        C        D         E       F
            +---------+---------+-------+---------+---------+-------
      Total |     271 |     206 |  43.2 |      35 |       2 |   5.4
            +---------+---------+-------+---------+---------+-------
        D:1 |       5 |       0 |   0.0 |       3 |       0 |   0.0
        D:2 |       1 |      37 |  97.4 |       1 |       1 |  50.0
        D:3 |     131 |       0 |   0.0 |      24 |       0 |   0.0
        D:4 |     134 |     169 |  55.8 |       7 |       1 |  12.5
            +---------+---------+-------+---------+---------+-------
